 Dungeon Crawl Stone Soup version 0.27.1-4-g1640c2035a (webtiles) character file.

Game seed: 12853910495238926317

871 klutch the Skirmisher (level 7, -4/64 HPs)
             Began as a Minotaur Fighter on Nov 2, 2021.
             Was a Follower of Okawaru.
             Killed by divine providence
             ... invoked by an orc priest
              (14 damage)
             ... on level 5 of the Dungeon.
             The game lasted 00:23:18 (5379 turns).

klutch the Skirmisher (Minotaur Fighter)            Turns: 5379, Time: 00:23:19

Health: -4/64      AC:  8    Str: 21    XL:     7   Next: 73%
Magic:  6/6        EV:  7    Int:  5    God:    Okawaru [*.....]
Gold:   149        SH: 10    Dex: 11    Spells: 6/6 levels left

rFire    . . .     SeeInvis .   a - +0 flail
rCold    . . .     Faith    .   c - +0 kite shield
rNeg     . . .     Spirit   .   b - +1 scale mail
rPois    .         Reflect  .   (helmet restricted)
rElec    .         Harm     .   (no cloak)
rCorr    .         Rampage  .   (no gloves)
Will     .....                  (no boots)
Stlth    ..........             (no amulet)
HPRegen  0.20/turn              (no ring)
MPRegen  0.10/turn              (no ring)

@: no status effects
A: horns 2, retaliatory headbutt
a: Renounce Religion, Heroism


You were on level 5 of the Dungeon.
You worshipped Okawaru.
Okawaru was aware of your devotion.
You visited 2 branches of the dungeon, and saw 6 of its levels.

You collected 149 gold pieces.

Inventory:

Hand Weapons
 a - a +0 flail (weapon)
Missiles
 i - 85 stones (quivered)
 o - 22 poisoned darts
Armour
 b - a +1 scale mail (worn)
 c - a +0 kite shield (worn)
Jewellery
 j - a ring of resist corrosion
Scrolls
 d - a scroll of teleportation
 e - a scroll of fear {unknown}
 f - a scroll of immolation
 g - a scroll of fog {unknown}
 l - 2 scrolls of identify
Potions
 h - 2 potions of curing {unknown}
 k - 6 potions of flight
 p - a potion of resistance {unknown}


   Skills:
 * Level 6.4 Fighting
 * Level 5.8 Maces & Flails
 + Level 2.5 Throwing
 * Level 6.4 Armour
 + Level 5.1 Shields


You had 6 spell levels left.
You didn't know any spells.
Your spell library was empty.

Dungeon Overview and Level Annotations

Branches:
Dungeon (5/15)             Temple (1/1) D:4

Altars:
Fedhas
Okawaru
Xom

Shops:
D:2 *


Innate Abilities, Weirdness & Mutations

You have a pair of horns on your head.
You reflexively headbutt those who attack you in melee.


Message History

You hit the orc priest but do no damage.
Your headbutt misses the orc priest. The orc closely misses you.
You furiously retaliate!
You headbutt the orc, but do no damage. Something hits you but does no damage.
The orc priest hits you but does no damage.
Something hits you.
* * * LOW HITPOINT WARNING * * *
The orc hits you but does no damage.
You hit the orc priest but do no damage.
Your headbutt misses the orc priest.
The orc priest hits you but does no damage.
Something hits you but does no damage. You block the orc's attack.
You barely miss the orc priest. You block the orc priest's attack.
You hear some strange, mumbled words.
A puff of flame appears from out of thin air!
The puff of flame hits you!
* * * LOW HITPOINT WARNING * * *
The orc hits you with a +0 mace of protection.
* * * LOW HITPOINT WARNING * * *
Okay, then.
You hit the orc priest.
The orc priest is lightly wounded.
The orc priest casts a cantrip, but nothing happens.
Something hits you but does no damage. The orc closely misses you.
The orc priest looks satisfied for a moment.
You block the orc's attack. Something hits you.
* * * LOW HITPOINT WARNING * * *
You barely miss the orc priest. Your headbutt misses the orc priest.
The orc priest is lightly wounded.
You block the orc priest's attack. Something hits you but does no damage.
You block the orc's attack.
You barely miss the orc priest.
The orc priest is lightly wounded.
The orc priest hits you but does no damage.
Something hits you but does no damage. The orc hits you but does no damage.
You sock the orc priest!
The orc priest is severely wounded.
The orc priest invokes the aid of Beogh against you.
Beogh smites you!
You die...

##..##...#####.............
######...###.....##+#######
#..........#.....#
#..........#.....#
###.####...#<....#
######...##.....#
.#.........#.....#
.'.........#.....#
.#......o@.#.....#
######.o{##.....#
#'#######....
#...).....#.... #.........#
#.........' #...####.##
#...# # #...#


You could see an orc priest and an orc.

Vanquished Creatures
  Grinder (D:4)
  Menkaure (D:5)
  3 ogres
  A scorpion (D:4)
  2 orc priests
  A bullfrog skeleton (D:5)
  A hound zombie (D:5)
  5 adders
  An adder skeleton (D:4)
  4 worms
  2 dart slugs
  7 orcs
  5 ball pythons
  7 endoplasms
  A giant cockroach (D:2)
  10 goblins
  4 hobgoblins
  4 jackals
  8 kobolds
  4 quokkas
  2 bats
  5 frilled lizards
  2 rats
81 creatures vanquished.

Notes
Turn   | Place    | Note
-------+----------+-------------------------------------------
     0 | D:1      | klutch the Minotaur Fighter began the quest for the Orb.
     0 | D:1      | Reached XP level 1. HP: 19/19 MP: 0/0
   323 | D:1      | Reached XP level 2. HP: 23/27 MP: 1/1
   913 | D:2      | Reached XP level 3. HP: 33/33 MP: 2/2
   973 | D:2      | Found a faded altar of an unknown god.
  1509 | D:2      | Found Gucuenao's Assorted Antiques.
  2110 | D:3      | Reached XP level 4. HP: 41/41 MP: 3/3
  2333 | D:3      | Noticed an ogre
  2339 | D:3      | Killed an ogre
  2340 | D:3      | Reached skill level 1 in Throwing
  2340 | D:3      | Reached XP level 5. HP: 38/47 MP: 4/4
  2609 | D:3      | Found an iron altar of Okawaru.
  2710 | D:3      | Became a worshipper of Warmaster Okawaru
  3058 | D:4      | Found a shimmering altar of Xom.
  3064 | D:4      | Noticed Grinder
  3083 | D:4      | Reached skill level 5 in Fighting
  3092 | D:4      | Killed Grinder
  3093 | D:4      | Reached skill level 5 in Armour
  3093 | D:4      | Reached XP level 6. HP: 7/56 MP: 5/5
  3154 | D:4      | Reached * piety under Okawaru
  3411 | D:4      | Reached skill level 5 in Maces & Flails
  3759 | D:4      | Found a staircase to the Ecumenical Temple.
  3802 | D:4      | Reached XP level 7. HP: 27/62 MP: 6/6
  4387 | Temple   | Entered the Ecumenical Temple
  4533 | D:5      | Entered Level 5 of the Dungeon
  4542 | D:5      | Noticed Menkaure
  5022 | D:5      | Killed Menkaure
  5023 | D:5      | Reached skill level 5 in Shields
  5379 | D:5      | Killed from afar by an orc priest

Illustrated notes

Levels and vault maps discovered:
D:1:      dpeg_arrival_orchard, layout_basic
D:2:      layout_basic, dreamdust_ecumenical_altar_statues, serial_shops,
          nicolae_shop_overgrown_old_shop, chequers_serial_rivers_room_a
D:3:      layout_basic, okawaru_ov_weapons_minmay
D:4:      layout_basic, xom_butterflies, minmay_temple_entry_ruins, uniq_grinder
D:5:      layout_gridville, mainiacjoe_overflow_swirl,
          minmay_increasing_density, uniq_menkaure
Temple:   regret_index_temple_waves

Skill      XL: |  1  2  3  4  5  6  7 |
---------------+----------------------+-----
Fighting       | 4 5 6 |  6.4
Armour         | 4 5 6 |  6.4
Maces & Flails | 3 4 5 |  5.8
Shields        | 4 5 |  5.1
Throwing       | 1 2 |  2.5

Action                   |  1- 3 |  4- 6 |  7- 9 || total
-------------------------+-------+-------+-------++-------
Melee: Flail             |    93 |    97 |    52 ||   242
       Headbutt          |    15 |    16 |     9 ||    40
Throw: Stone             |       |    11 |    14 ||    25
Invok: Heroism           |       |     1 |     2 ||     3
  Use: Potion            |     2 |     1 |       ||     3
       Scroll            |     2 |     5 |       ||     7
Armor: Scale mail        |    36 |    35 |    41 ||   112
Dodge: Dodged            |    19 |    22 |    16 ||    57
Block: Kite shield       |    32 |    58 |    30 ||   120
